 Dungeon Crawl Stone Soup version 0.20.1-1-g8b1a95d (webtiles) character file.

534 Giltor the Covert (level 7, 0/32 HPs)
             Began as a Spriggan Enchanter on July 13, 2017.
             Slain by tschems's ghost (13 damage)
             ... on level 4 of the Dungeon.
             The game lasted 01:35:28 (5957 turns).

Giltor the Covert (Spriggan Enchanter)              Turns: 5957, Time: 01:35:29

Health: 0/32       AC:  7    Str:  6    XL:     7   Next: 4%
Magic:  11/14      EV: 19    Int: 16    God:
Gold:   174        SH:  0    Dex: 17    Spells: 1/14 levels left

rFire    . . .     SeeInvis +   a - +1 dagger
rCold    + . .     Gourm    .   (shield restricted)
rNeg     . . .     Faith    .   k - +2 robe {rC+}
rPois    .         Spirit   .   f - +2 hat
rElec    .         Reflect  .   n - +0 cloak
rCorr    .         Harm     .   (gloves unavailable)
MR       +....                  (boots unavailable)
Stlth    +++++.....             (no amulet)
Regen    0.1/turn               p - ring of stealth
MPRegen  0.2/turn               (no ring)

@: very quick
A: unfitting armour, see invisible, herbivore 3, speed 3, slow metabolism 2
a: no special abilities


You were on level 4 of the Dungeon.
You were not hungry.

You visited 1 branch of the dungeon, and saw 4 of its levels.
You also visited: Sewer.

You collected 174 gold pieces.

Inventory:

Hand Weapons
 a - a +1 dagger (weapon)
 r - a +1 flail of protection
 x - a +4 spear of venom
Missiles
 i - 7 poisoned needles (quivered)
Armour
 b - a +0 robe
 f - a +2 hat (worn)
 k - a +2 robe of cold resistance (worn)
 n - a +0 cloak (worn)
Jewellery
 h - a cursed ring of loudness
 p - a ring of stealth (left hand)
Wands
 t - a wand of paralysis (0/24)
Scrolls
 u - 2 scrolls of remove curse
 v - a scroll of amnesia
Potions
 e - a potion of brilliance {unknown}
 g - 2 potions of lignification
 l - 2 potions of invisibility {unknown}
 o - a potion of haste {unknown}
 q - 3 potions of might
 s - a potion of magic {unknown}
Books
 c - a book of Maledictions

   Spells                             Type                      Level
   a - Corona                         Hexes                        1
   b - Ensorcelled Hibernation        Hexes/Ice                    2
   c - Confuse                        Hexes                        3
   d - Tukima's Dance                 Hexes                        3
   e - Dazzling Spray                 Conjuration/Hexes            3
 w - a book of Minor Magic

   Spells                             Type                      Level
   a - Magic Dart                     Conjuration                  1
   b - Blink                          Translocation                2
   c - Call Imp                       Summoning                    2
   d - Slow                           Hexes                        2
   e - Conjure Flame                  Conjuration/Fire             3
   f - Mephitic Cloud                 Conjuration/Poison/Air       3
Comestibles
 d - 3 bread rations
 m - a royal jelly


   Skills:
 - Level 3.1 Short Blades
 - Level 3.4 Throwing
 * Level 3.6 Dodging
 - Level 8.0 Stealth
 - Level 4.0 Spellcasting
 - Level 4.0 Hexes
 - Level 1.0 Ice Magic
 - Level 1.3 Evocations


You had one spell level left.
You knew the following spells:

 Your Spells              Type           Power        Failure   Level  Hunger
a - Dazzling Spray        Conj/Hex       #.....       22%         3    ###....
b - Ensorcelled Hibernat  Hex/Ice        ##....       9%          2    ##.....
c - Tukima's Dance        Hex            ###.....     10%         3    ###....
d - Slow                  Hex            ###.....     4%          2    ##.....
e - Confuse               Hex            ###.....     10%         3    ###....


Dungeon Overview and Level Annotations

Branches:
Dungeon (4/15)
 Temple: D:4-7

Altars:
Fedhas

Shops:
D:4 %

Annotations:
D:2 exclusion: oklob plant
D:4 Blork the orc; tschems's ghost, amateur HuFi


Innate Abilities, Weirdness & Mutations

You are very small and have problems with some larger weapons.
You are too small for most types of armour.
You have supernaturally acute eyesight. (SInv)
You are a herbivore.
You cover ground extremely quickly.
You need consume almost no food.


Message History

There is a stone staircase leading up here.
You climb upwards.
There is a stone staircase leading down here.
You start resting.
Magic restored.
You can't go up here!
You climb downwards.
You hear the hiss of flowing sand.
There is an entrance to an ossuary on this level.
Hurry and find it before the portal is buried!
You hear the rapid hiss of a very distant avalanche of sand.
Level annotation: Blork the orc; tschems's ghost, amateur HuFi Tschems's ghost hits you!
Tschems's ghost completely misses you.
There is a stone staircase leading up here.
Casting: Confuse
Confirm with . or Enter, or press ? or * to list all spells.
Aiming: Confuse
Press: ? - help, Shift-Dir - straight line, f - tschems's ghost
Aim: tschems's ghost (chance to defeat MR: 35%) Tschems's ghost easily resists.
Tschems's ghost hits you!
You die...

....# #..#
#.#...#.#*,,,,,,*
....# #..#
#.###.#.#*,,,,,,*
....# #..#
#.......#**,*****
..(.#
#..#######.#.###.***
....#
#.................,*
...##
#.#######.##.###..**
###*
#.........).W.#*..#
#########†#(#.##..#
#.....W@#.#.#..#..#
#.#######.#.##.#..#
#.......#.#.##.#..#
#######.#.#.##.#..#
#.#.#.##W...######
#.#.#.###........#
#.#.#.###..#####.*
#.#.#.......# *,*
#...######..# *,*


You could see tschems's ghost.

Vanquished Creatures
  An ogre (D:4)
  A howler monkey (D:4)
  An orc wizard (D:3)
  3 worker ants (D:4)
  6 adders
  11 gnolls
  A river rat (D:3)
  3 oozes
  4 worms
  5 dart slugs
  4 leopard geckos
  10 orcs
  11 bats
  4 giant cockroaches
  5 hobgoblins
  7 kobolds
  3 quokkas
  4 ball pythons
  7 frilled lizards
  8 goblins
  7 rats
  A fungus (D:2)
107 creatures vanquished.

Notes
Turn   | Place    | Note
-------+----------+-------------------------------------------
     0 | D:1      | Giltor the Spriggan Enchanter began the quest for the Orb.
     0 | D:1      | Reached XP level 1. HP: 9/9 MP: 5/5
    82 | D:1      | Reached skill level 5 in Stealth
   251 | D:1      | Reached XP level 2. HP: 10/13 MP: 4/6
   258 | D:1      | Learned a level 2 spell: Ensorcelled Hibernation
   720 | D:1      | Reached XP level 3. HP: 16/16 MP: 2/8
   817 | D:1      | Reached skill level 1 in Ice Magic
   822 | D:1      | Learned a level 3 spell: Tukima's Dance
  1656 | D:2      | Reached skill level 6 in Stealth
  1656 | D:2      | Reached XP level 4. HP: 19/21 MP: 2/9
  1702 | D:2      | Learned a level 3 spell: Dazzling Spray
  2434 | D:2      | Found a blossoming altar of Fedhas.
  2453 | D:2      | Noticed an oklob plant
  2948 | D:3      | Reached XP level 5. HP: 24/24 MP: 11/11
  3408 | D:3      | Found a glowing drain.
  3421 | D:3      | Reached skill level 7 in Stealth
  3500 | Sewer    | Entered a sewer
  4162 | D:3      | Reached skill level 1 in Evocations
  4383 | D:3      | Reached skill level 8 in Stealth
  4383 | D:3      | Reached XP level 6. HP: 28/28 MP: 4/12
  4686 | D:3      | Learned a level 2 spell: Slow
  5163 | D:4      | Reached skill level 1 in Throwing
  5176 | D:4      | Found Daodanet's Food Emporium.
  5185 | D:4      | Noticed Blork the orc
  5398 | D:4      | Noticed tschems's ghost (amateur HuFi)
  5685 | D:4      | Learned a level 3 spell: Confuse
  5725 | D:4      | Reached XP level 7. HP: 30/32 MP: 1/14
  5957 | D:4      | Slain by tschems's ghost

Skill      XL: |  1  2  3  4  5  6 |
---------------+-------------------+-----
Stealth        | 5 6 8 |  8.0
Short Blades   | 2 3 |  3.1
Ice Magic      | 1 |  1.0
Hexes          | 4 |  4.0
Spellcasting   | 3 4 |  4.0
Evocations     | 1 |  1.3
Throwing       | 3 |  3.4
Dodging        | |  3.6

Action                   |  1- 3 |  4- 6 |  7- 9 || total
-------------------------+-------+-------+-------++-------
Melee: Dagger            |    78 |   210 |     9 ||   297
 Cast: Corona            |     7 |       |       ||     7
       Ensorcelled Hiber |    29 |    96 |       ||   125
       Dazzling Spray    |       |    11 |       ||    11
       Tukima's Dance    |       |     2 |       ||     2
       Confuse           |       |     2 |     6 ||     8
Evoke: Wand              |       |     3 |       ||     3
  Use: Scroll            |     3 |    10 |       ||    13
       Potion            |       |     1 |       ||     1
 Stab: Sleeping          |    20 |    61 |       ||    81
       Invisible         |       |     1 |       ||     1
       Confused          |       |       |     2 ||     2
  Eat: Fruit             |     2 |       |       ||     2
       Bread ration      |       |     2 |       ||     2
Armor: Robe              |     7 |    19 |       ||    26
Dodge: Dodged            |    53 |   103 |     4 ||   160
